 Dungeon Crawl Stone Soup version 0.27.1-34-g3ba077fa99 (webtiles) character file.

Game seed: 5117605946102080390

15 hawla the Sneak (level 2, -10/26 HPs)
             Began as a Draconian Delver on Jan 16, 2022.
             Mangled by a goblin (16 damage)
             ... on level 4 of the Dungeon.
             The game lasted 00:01:28 (222 turns).

hawla the Sneak (Draconian Delver)                   Turns: 222, Time: 00:01:28

Health: -10/26     AC:  4    Str: 14    XL:     2   Next: 34%
Magic:  2/2        EV: 12    Int: 10    God:
Gold:   38         SH:  0    Dex: 12    Spells: 2/2 levels left

rFire    . . .     SeeInvis .   a - +0 falchion
rCold    . . .     Faith    .   (no shield)
rNeg     . . .     Spirit   .   (armour unavailable)
rPois    .         Reflect  .   (helmet restricted)
rElec    .         Harm     .   (no cloak)
rCorr    .         Rampage  .   (no gloves)
Will     .....                  (no boots)
Stlth    +++.......             (no amulet)
HPRegen  0.08/turn              (no ring)
MPRegen  0.08/turn              (no ring)

@: hasted, very quick
A: AC +4, unfitting armour, cold-blooded
a: no special abilities


You were on level 4 of the Dungeon.
You visited 1 branch of the dungeon, and saw 2 of its levels.

You collected 38 gold pieces.

Inventory:

Hand Weapons
 a - a +0 falchion (weapon)
Wands
 f - a wand of digging (3)
Scrolls
 b - a scroll of fog
 c - a scroll of magic mapping
 d - a scroll of fear
 g - a scroll of amnesia {unknown}


   Skills:
 - Level 3.2 Fighting
 + Level 2.0 Long Blades
 + Level 1.8 Dodging
 + Level 4.9 Stealth
 * Level 0.6 Spellcasting


You had 2 spell levels left.
You didn't know any spells.
Your spell library contained the following spells:

 Spells                   Type           Power      Damage    Failure   Level
 Static Discharge         Conj/Air       0%         N/A       50%         2
 Lightning Bolt           Conj/Air       0%         1d11      100%        5
 Maxwell's Capacitive Co  Air            0%         ∞         100%        8


Dungeon Overview and Level Annotations

Branches:
Dungeon (5/15)
 Temple: D:4-7

Altars:


Innate Abilities, Weirdness & Mutations

Your plain brown scales are hard. (AC +4)
You cannot fit into any form of body armour.
You are cold-blooded and may be slowed by cold attacks.


Message History

The adder skeleton is severely damaged.
The adder skeleton closely misses you. x2
You hit the adder skeleton.
Your tail-slap misses the adder skeleton.
The adder skeleton is almost destroyed.
The adder skeleton closely misses you.
You hit the adder skeleton.
You destroy the adder skeleton!
No target in view!
No target in view!
You see here a +0 scale mail.
You now have 38 gold pieces (gained 10).
An endoplasm comes into view.
Found a scroll labelled ZIWEBY YQEUD.
The endoplasm quivers.
A goblin comes into view.
It is wielding a +0 dagger of electrocution.
The endoplasm hits you.
You hit the endoplasm.
The endoplasm is heavily wounded.
The endoplasm barely misses you.
You riposte.
You slash the endoplasm!
You kill the endoplasm!
The goblin closely misses you.
You hit the goblin but do no damage. The goblin barely misses you.
You riposte.
You hit the goblin.
You tail-slap the goblin, but do no damage.
The goblin is moderately wounded.
The goblin barely misses you.
You riposte.
You completely miss the goblin.
The goblin is moderately wounded.
You hit the goblin.
The goblin is heavily wounded.
The goblin hits you but does no damage.
You are electrocuted!
Ouch! That really hurt!
You are too injured to fight recklessly!
Okay, then.
You feel yourself speed up.
The goblin hits you with a +0 dagger of electrocution.
* * * LOW HITPOINT WARNING * * *
You are electrocuted!
Ouch! That really hurt!
You die...

#.....##.. ##........
. . #......?.# .. #.
##.......#### ..#
.#.###...........#..#
....#..............#
.h .................#
.. #..........@g# ..
##....#........#
.#### ##..####......#
....## ##.## #####..#
.....####..# ..#
.......##..# ..#
......###..### #. .#
..........#..#... .#
....#.....#......


You could see a goblin.

Vanquished Creatures
  An adder (D:4)
  An adder skeleton (D:4)
  An endoplasm (D:4)
  A goblin (D:4)
4 creatures vanquished.

Notes
Turn   | Place    | Note
-------+----------+-------------------------------------------
     0 | D:5      | hawla the Draconian Delver began the quest for the Orb.
     0 | D:5      | Reached XP level 1. HP: 19/19 MP: 1/1
    36 | D:4      | Noticed a hound
    78 | D:4      | Reached XP level 2. HP: 18/26 MP: 2/2
   222 | D:4      | Mangled by a goblin

Illustrated notes

Levels and vault maps discovered:
D:4:      layout_cave_pools, zin_statuary, wad_orctagon
D:5:      layout_basic

Action                   || total
-------------------------++-------
Melee: Falchion          ||    10
       Tailslap          ||     2
  Use: Potion            ||     1
 Stab: Sleeping          ||     1
Armor: Skin              ||     1
Dodge: Dodged            ||    10
       Rpst.: Falchion   ||     5
